 Dungeon Crawl Stone Soup version 0.31-a0-931-g7b59d4eb97 (webtiles) character file.

Game seed: 18087513886384659821

4560 Persephone the Grappler (level 10, -3/126 (136) HPs)
             Began as a Troll Shapeshifter on Oct 19, 2023.
             Was a Follower of Trog.
             Slain by a wight
             ... wielding a +5 flail
              (6 damage)
             ... on level 8 of the Dungeon.
             The game lasted 00:17:42 (5495 turns).

Persephone the Grappler (Troll Shapeshifter)        Turns: 5495, Time: 00:17:43

HP:   -3/126 (136)  AC:  3    Str: 26    XL:     10   Next: 18%
MP:   9/9           EV:  9    Int:  6    God:    Trog [*.....]
Gold: 367           SH:  5    Dex: 11    Spells: 9/9 levels left

rFire   . .          .
                       - Unarmed
rCold   . . .        (no shield)
rNeg    + . .        u - melded +1 fire dragon scales
rPois   .            H - +1 hat
rElec   .            (no cloak)
rCorr   .            (gloves unavailable)
SInv    .            (boots unavailable)
Will    .....        h - amulet of reflection Stlth
                     j - +4 ring of slaying
HPRegen 1.21/turn    s - ring of positive energy
MPRegen 0.11/turn

%: reflection
@: berserking, maw-form, drained, very quick
A: devouring maw, large, unfitting armour, claws 3, regeneration 1, shaggy fur
1, tough skin 1
a: Begin Untransformation, Renounce Religion, Berserk


You were on level 8 of the Dungeon.
You worshipped Trog.
Trog was aware of your devotion.
You were a creature with a mouth for a stomach.
You visited 2 branches of the dungeon, and saw 9 of its levels.

You collected 367 gold pieces.

Inventory:

Missiles
 e - 2 throwing nets
 t - 13 boomerangs (quivered)
Armour
 a - a +0 animal skin
 u - +1 fire dragon scales (melded)
 H - a +1 hat (worn)
Jewellery
 h - an amulet of reflection (around neck)
 j - a +4 ring of slaying (left claw)
 s - a ring of positive energy (right claw)
 v - a ring of fire
 G - an amulet of faith
Talismans
 c - a beast talisman
 d - a flux talisman
 B - a maw talisman (active)
Wands
 x - a wand of acid (12)
 y - a wand of polymorph (12)
 E - a wand of mindburst (15)
Scrolls
 i - 2 scrolls of identify
 m - 3 scrolls of teleportation
 n - 2 scrolls of torment
 p - a scroll of revelation
 q - a scroll of fog {unknown}
 z - a scroll of immolation {unknown}
 F - a scroll of poison
Potions
 b - 2 potions of lignification
 f - a potion of magic
 g - a potion of cancellation {unknown}
 k - a potion of heal wounds {unknown}
 l - a potion of might {unknown}
 o - a potion of invisibility {unknown}
 r - 2 potions of mutation {unknown}
 w - 4 potions of curing
 A - 3 potions of brilliance
 C - 2 potions of haste
 D - 2 potions of attraction {unknown}


   Skills:
 + Level 3.3 Fighting
 - Level 1.5 Dodging
 * Level 10.3 Unarmed Combat
 + Level 10.1 Shapeshifting


You had 9 spell levels left.
You didn't know any spells.
Your spell library contained the following spells:

 Spells                   Type           Power      Damage    Failure   Level
 Sublimation of Blood     Necr           0%         N/A       58%         2
 Frozen Ramparts          Ice            0%         1d1       83%         3
 Petrify                  Tmut/Erth      0%         N/A       99%         4
 Irradiate                Conj/Tmut      0%         3d11      100%        5
 Metabolic Englaciation   Hex/Ice        0%         N/A       100%        5


Dungeon Overview and Level Annotations

Branches:
Dungeon (8/15)             Temple (1/1) D:7
   Lair: D:8-11

Altars:
Ashenzari
Cheibriados
Dithmenos
Elyvilon
Fedhas
Gozag
Hepliaklqana
Kikubaaqudgha
Makhleb
Nemelex Xobeh
Okawaru
Qazlal
Ru
Sif Muna
Trog
Uskayaw
Wu Jian
Xom
Yredelemnul
Zin
The Shining One

Annotations:
D:4 2 transporters, Jessiquinika's ghost, amateur NaHW


Innate Abilities, Weirdness & Mutations

You are a creature with a mouth for a stomach.
Your midsection houses a second, enormous mouth.
You are too large for most types of armour.
You have claws for hands.
Your natural rate of healing is unusually fast.
You are covered in fur. (AC +1)
You have tough skin. (AC +1)


Message History

The orc wizard hits you with a +0 dagger.
The wight barely misses you. The wight hits you with a +0 spear!
You barely miss the wight. Your bite misses the wight.
The orc wizard hits you with a +0 dagger.
The wight hits you with a +5 flail!
* * * LOW HITPOINT WARNING * * *
You partially resist.
You feel drained. The wight closely misses you.
The orc wizard hits you with a +0 dagger.
* * * LOW HITPOINT WARNING * * *
The wight attacks as it pursues you! The wight barely misses you.
The wight completely misses you.
You feel better.
The orc wizard hits you with a +0 dagger.
The wight hits you with a +0 spear.
* * * LOW HITPOINT WARNING * * *
The wight barely misses you.
You scratch the orc wizard. Your bite misses the orc wizard.
The orc wizard is lightly wounded.
The orc wizard casts a spell at you.
You easily resist.
The wight hits you with a +0 spear!
* * * LOW HITPOINT WARNING * * *
You mangle the orc wizard!!
You kill the orc wizard!
Trog accepts your kill.
Trog appreciates your killing of a magic user.
The wight barely misses you. The wight hits you with a +0 spear!
* * * LOW HITPOINT WARNING * * *
Things that are here:
a +0 dagger; a +0 robe A red film seems to cover your vision as you go berserk!
You feel yourself moving faster!
You feel mighty! The wight hits you but does no damage.
The wight hits you with a +5 flail!
* * * LOW HITPOINT WARNING * * *
You partially resist.
You feel drained.
You mangle the wight!!
You destroy the wight!
Trog accepts your kill. The wight hits you with a +5 flail.
You die...

......... ####### #
#........ #.....#
h. #.#........
#.....# ...
..y<.......
#.....##### ....
....V......
#.........#####....
........?..
#...###...........
...........
###.###....#......
...........
#<)).......#.#.#...
###........
##Wz.......))......
#........
#...........#.....
#..?.....
#.........#.......
#.........$.##.. .
######......# ...
#....### .. #....#
. #.###


You could see a wight.

Vanquished Creatures
  A skeletal warrior (D:7)
  A troll (D:7)
  Eustachio (D:6)
  Menkaure (D:5)
  2 water moccasins
  3 ice beasts
  An orc warrior (D:6)
  A sky beast (D:7)
  2 black bears (D:6)
  An ogre (D:7)
  A centaur (D:7)
  2 kobold brigands
  Blork the orc (D:6)
  4 bullfrogs (D:7)
  4 scorpions
  3 wights (D:8)
  16 killer bees (D:7)
  3 howler monkeys
  6 hounds
  2 orc priests (D:4)
  5 iguanas
  7 orc wizards
  2 sleepcaps
  13 adders
  3 gnolls (D:5)
  2 white imps
  4 worms
  5 dart slugs
  30 orcs
  4 ball pythons
  8 endoplasms
  5 giant cockroaches
  8 goblins
  6 hobgoblins
  4 jackals (D:2)
  16 kobolds
  3 quokkas
  6 bats
  3 frilled lizards
  8 rats
198 creatures vanquished.

Vanquished Creatures (others)
  A dart slug (D:2)
  2 orcs (D:8)
3 creatures vanquished.

Grand Total: 201 creatures vanquished

Notes
Turn   | Place    | Note
-------+----------+-------------------------------------------
     0 | D:1      | Persephone the Troll Shapeshifter began the quest for the
                  | Orb.
     0 | D:1      | Reached XP level 1. HP: 18/18 MP: 0/0
    89 | D:1      | You fall into a shaft and drop 1 floor!
   114 | D:2      | Reached XP level 2. HP: 26/26 MP: 1/1
   276 | D:1      | Found a faded altar of an unknown god.
   478 | D:1      | Reached XP level 3. HP: 32/32 MP: 2/2
  1065 | D:2      | Reached XP level 4. HP: 37/40 MP: 3/3
  1135 | D:2      | Reached skill level 1 in Fighting
  1135 | D:2      | Reached skill level 5 in Unarmed Combat
  2204 | D:4      | Reached XP level 5. HP: 48/48 MP: 4/4
  2320 | D:4      | Found a transporter.
  2321 | D:4      | Noticed Jessiquinika's ghost (amateur NaHW)
  2321 | D:4      | Identified the +3 great mace "Hoololl" {freeze, *Rage rN++
                  | Int+5}
  2321 | D:4      | Noticed an ogre
  2322 | D:4      | Noticed an ogre
  2323 | D:4      | Found a transporter.
  2572 | D:4      | Found a white marble altar of Elyvilon.
  2709 | D:4      | Reached XP level 6. HP: 57/57 MP: 5/5
  2897 | D:5      | Entered Level 5 of the Dungeon
  2897 | D:5      | Noticed a water moccasin
  2904 | D:5      | Killed a water moccasin
  3022 | D:5      | Reached XP level 7. HP: 49/66 MP: 6/6
  3360 | D:5      | Found a shimmering altar of Xom.
  3464 | D:5      | Noticed Menkaure
  3469 | D:5      | Killed Menkaure
  3528 | D:5      | Found a hazy altar of Hepliaklqana.
  3800 | D:6      | Reached skill level 5 in Shapeshifting
  3800 | D:6      | Reached XP level 8. HP: 70/75 MP: 7/7
  3994 | D:6      | Noticed Blork the orc
  4005 | D:6      | Killed Blork the orc
  4068 | D:6      | Noticed Eustachio
  4075 | D:6      | Killed Eustachio
  4076 | D:6      | Reached XP level 9. HP: 83/83 MP: 8/8
  4543 | D:7      | Found a staircase to the Ecumenical Temple.
  4551 | Temple   | Entered the Ecumenical Temple
  4627 | Temple   | Became a worshipper of Trog the Wrathful
  4832 | D:7      | Noticed a skeletal warrior
  4851 | D:7      | Killed a skeletal warrior
  4867 | D:7      | Reached skill level 10 in Unarmed Combat
  4911 | D:7      | Noticed a troll
  4917 | D:7      | Killed a troll
  4918 | D:7      | Reached XP level 10. HP: 74/91 MP: 9/9
  4977 | D:7      | Reached * piety under Trog
  5107 | D:7      | Found an opulent altar of Gozag.
  5140 | D:7      | Reached skill level 10 in Shapeshifting
  5494 | D:8      | HP: 2/129 [wight/+5 flail (11)]
  5495 | D:8      | Slain by a wight

Illustrated notes

Levels and vault maps discovered:
D:1:      dpeg_arrival_short_road, layout_basic,
          dreamdust_ecumenical_altar_angels_and_demons
D:2:      layout_loops_ring, minivault_11, nrook_campfire, serial_bayou_lagoon_a
D:3:      layout_loops_ring, nrook_mini_vaults
D:4:      layout_cave_pods, lemuel_round_altar, gammafunk_ghost_smash
D:5:      layout_loops_ring, nicolae_hepliaklqana_hazy_memory, tgw_xom,
          kennysheep_generic_room_15, uniq_menkaure
D:6:      layout_rooms, nicolae_twisty_statue_hallways, uniq_blork_the_orc,
          uniq_eustachio
D:7:      minmay_bubble_buster, layout_basic, grunt_gozag_statues,
          minmay_temple_entry_stoned_glass
D:8:      layout_basic, fiery_altar_vehumet, david_lair_shrubbed, st_stairs_2,
          nicolae_zig_zag_zippers
Temple:   minmay_temple_bridge_d

Skill      XL: |  1  2  3  4  5  6  7  8  9 10 |
---------------+-------------------------------+-----
Unarmed Combat | 4 5 6 7 8 10 | 10.3
Fighting       | 1 2 3 |  3.3
Shapeshifting  | 4 5 7 9 10 | 10.1
Dodging        | |  1.5

Action                     |  1- 3 |  4- 6 |  7- 9 | 10-12 || total
---------------------------+-------+-------+-------+-------++-------
  Melee: Unarmed           |    82 |   139 |   192 |    42 ||   455
         Punch             |     1 |     3 |     7 |     1 ||    12
         Maw               |       |       |       |     4 ||     4
  Throw: Boomerang         |       |     2 |       |     4 ||     6
 Invoke: Berserk           |       |       |       |     1 ||     1
    Use: Scroll            |       |    12 |       |       ||    12
         Potion            |       |       |     2 |     1 ||     3
   Stab: Sleeping          |       |     1 |       |       ||     1
 Armour: Animal skin       |    47 |    22 |       |       ||    69
         Fire dragon scale |       |    37 |   142 |    14 ||   193
         Skin              |       |       |       |    42 ||    42
  Dodge: Dodged            |    35 |    41 |    61 |    25 ||   162
  Block: Other             |       |    25 |    33 |    10 ||    68
         Reflection        |       |     1 |       |     2 ||     3
   Form: Maw               |       |       |       |     1 ||     1

Table legend: (Time is in decaauts)
 A = Elapsed time spent in this place.
 B = Non-inter-level travel time spent in this place.
 C = Inter-level travel time spent in this place.
 D = Time resting spent in this place.
 E = Time spent auto-exploring this place.
 F = Levels seen in this place.
 G = Mean time per level.
                   A        B        C        D        E       F      G
               +--------+--------+--------+--------+--------+-----+--------+
         Total |   5427 |   5131 |    296 |      0 |   4067 |   9 |  603.0 |
       Dungeon |   5268 |   5127 |    141 |      0 |   4067 |   8 |  658.5 |
        Temple |    158 |      3 |    155 |      0 |      0 |   1 |  158.0 |
               +--------+--------+--------+--------+--------+-----+--------+

Top non-repeatable levels by time:
     D:7: 1014 daAuts
     D:5: 880 daAuts
     D:4: 791 daAuts
     D:1: 773 daAuts
     D:2: 724 daAuts
     D:3: 589 daAuts
     D:6: 434 daAuts
  Temple: 158 daAuts
     D:8: 60 daAuts
